 Dungeon Crawl Stone Soup version 0.19.1 (webtiles) character file.

1399 Faustar the Nimble (level 8, -1/67 HPs)
             Began as a Vampire Gladiator on Dec 18, 2016.
             Slain by a worker ant (5 damage)
             ... on level 6 of the Dungeon.
             The game lasted 00:11:01 (4073 turns).

Faustar the Nimble (Vampire Gladiator)              Turns: 4073, Time: 00:11:01

Health: -1/67      AC:  9    Str: 16    XL:     8   Next: 41%
Magic:  8/8        EV: 15    Int: 11    God:
Gold:   239        SH:  0    Dex: 14    Spells: 0 memorised, 7 levels left

rFire  . . .     SeeInvis +     a - +0 long sword
rCold  + . .     Gourm    .     n - +2 ring mail {rC+}
rNeg   . . .     Faith    .     (no shield)
rPois  .         Spirit   .     c - +0 helmet
rElec  .         Reflect  .     (no cloak)
rCorr  .         Harm     .     t - +0 pair of gloves
MR     .....                    (no boots)
Stlth  +.........               (no amulet)
                                (no ring)
                                (no ring)

@: lethally poisoned (-1 -> -2), regenerating quickly, slowed, very slow
A: fangs 3, see invisible, unbreathing
a: no special abilities


You were on level 6 of the Dungeon.
You were full.

You visited 1 branch of the dungeon, and saw 6 of its levels.

You collected 239 gold pieces.

Inventory:

Hand Weapons
 a - a +0 long sword (weapon)
Missiles
 d - 3 throwing nets (quivered)
Armour
 b - a +0 leather armour
 c - a +0 helmet (worn)
 k - a +0 chain mail
 n - a +2 ring mail of cold resistance (worn)
 t - a +0 pair of gloves (worn)
Jewellery
 g - an uncursed amulet of guardian spirit {unknown}
 h - an uncursed ring of flight {unknown}
 l - a +4 ring of intelligence {unknown}
 s - an uncursed ring of poison resistance {unknown}
Wands
 j - a wand of iceblast (5/15)
 m - a wand of hasting (7/9)
 B - a wand of iceblast (3/15)
 C - a wand of polymorph (10/24)
Scrolls
 o - 2 scrolls of teleportation
 v - a scroll of remove curse
 x - 4 scrolls of identify
 y - a scroll of fog
 A - a scroll of blinking {unknown}
Potions
 e - 11 potions of blood
 f - a potion of brilliance
 i - 3 potions of curing
 p - a potion of mutation {unknown}
 q - a potion of flight {unknown}
 r - a potion of invisibility {unknown}
 w - a potion of magic {unknown}
 z - 2 potions of haste {unknown}
Books
 u - a book of Conjurations

   Spells                             Type                      Level
   a - Magic Dart                     Conjuration                  1
   b - Searing Ray                    Conjuration                  2
   c - Dazzling Spray                 Conjuration/Hexes            3
   d - Fulminant Prism                Conjuration/Hexes            4
   e - Iskenderun's Mystic Blast      Conjuration                  4
   f - Iskenderun's Battlesphere      Conjuration/Charms           5


   Skills:
 - Level 7.0 Fighting
 - Level 3.0 Long Blades
 - Level 1.5 Throwing
 + Level 8.6 Dodging


You had 7 spell levels left.
You didn't know any spells.

Dungeon Overview and Level Annotations

Branches:
Dungeon (6/15)
 Temple: D:4-7

Altars:
Elyvilon
Uskayaw
Vehumet
Zin

Shops:
D:4 :   D:5 *


Innate Abilities, Weirdness & Mutations

Your natural rate of healing is unusually fast.
You have razor-sharp teeth.
You have supernaturally acute eyesight. (SInv)
You can survive without breathing.


Message History

You barely miss the orc wizard. Your bite misses the orc wizard.
You feel sick. The worker ant bites you.
* * * LOW HITPOINT WARNING * * *
You are more poisoned.
The worker ant poisons you!
The orc wizard hits you but does no damage.
The worker ant bites you but does no damage.
The orc wizard barely misses you.
You hit the worker ant. You bite the worker ant.
The worker ant is heavily wounded.
You feel sick. The orc wizard hits you with a dagger.
* * * LOW HITPOINT WARNING * * *
The worker ant bites you but does no damage.
The orc wizard barely misses you.
You riposte.
You hit the orc wizard. You bite the orc wizard.
The orc wizard is heavily wounded.
The worker ant bites you!
* * * LOW HITPOINT WARNING * * *
The orc wizard barely misses you. The worker ant bites you.
You die...

## ##.. #### ...
..... #####..#
###....# .....#.#
##@.###.#
#>..#.###ao.....#
#...#...#..%...#
#...#..........
##.........####.
. #.........## .
##....[...## .#
##........## ..
###..###...##


You could see a worker ant and an orc wizard.

Vanquished Creatures
  Grinder (D:3)
  Sigmund (D:2)
  3 ice beasts
  2 ogres (D:5)
  2 centaurs (D:5)
  A crimson imp (D:5)
  A bullfrog zombie (D:5)
  An orc priest (D:6)
  A jelly (D:5)
  A bullfrog skeleton (D:5)
  A centaur skeleton (D:5)
  A hound (D:5)
  Ijyb (D:2)
  A worker ant (D:4)
  A hound zombie (D:5)
  A hound skeleton (D:5)
  Robin (D:2)
  8 adders
  2 oozes
  A worm (D:3)
  3 dart slugs
  4 leopard geckos
  2 orcs (D:6)
  2 ball pythons
  6 giant cockroaches
  10 hobgoblins
  9 jackals
  A kobold (D:1)
  8 bats
  3 frilled lizards
  14 goblins
  7 rats
101 creatures vanquished.

Notes
Turn   | Place    | Note
-------+----------+-------------------------------------------
     0 | D:1      | Faustar the Vampire Gladiator began the quest for the Orb.
     0 | D:1      | Reached XP level 1. HP: 16/16 MP: 1/1
   116 | D:1      | Reached XP level 2. HP: 23/23 MP: 2/2
   458 | D:2      | Reached XP level 3. HP: 29/29 MP: 3/3
   574 | D:2      | Noticed Ijyb
   595 | D:2      | Killed Ijyb
   613 | D:2      | Noticed Robin
   618 | D:2      | Reached XP level 4. HP: 24/37 MP: 4/4
   644 | D:2      | Killed Robin
   851 | D:2      | Found a white marble altar of Elyvilon.
   903 | D:2      | Noticed Sigmund
   924 | D:2      | Killed Sigmund
   924 | D:2      | Reached skill level 5 in Fighting
   924 | D:2      | Reached XP level 5. HP: 8/46 MP: 5/5
  1824 | D:3      | Reached XP level 6. HP: 52/52 MP: 6/6
  2060 | D:3      | Noticed Grinder
  2091 | D:3      | Paralysed by Grinder for 5 turns
  2098 | D:3      | Killed Grinder
  2190 | D:3      | Found a hide-covered altar of Uskayaw.
  2532 | D:4      | Found a white marble altar of Elyvilon.
  2683 | D:4      | Reached XP level 7. HP: 50/60 MP: 7/7
  2868 | D:4      | Reached skill level 4 in Dodging
  2998 | D:4      | Found Riewitao's Book Boutique.
  3183 | D:5      | Entered Level 5 of the Dungeon
  3304 | D:5      | Reached skill level 5 in Dodging
  3459 | D:5      | Found Furuast's Assorted Antiques.
  3480 | D:5      | Found a radiant altar of Vehumet.
  3480 | D:5      | Found a glowing silver altar of Zin.
  3592 | D:5      | Reached skill level 6 in Dodging
  3617 | D:5      | Reached XP level 8. HP: 39/67 MP: 8/8
  3676 | D:5      | Reached skill level 7 in Dodging
  3977 | D:5      | Reached skill level 8 in Dodging
  4073 | D:6      | Slain by a worker ant

Skill      XL: |  1  2  3  4  5  6  7  8 |
---------------+-------------------------+-----
Fighting       | 2 3 5 7 |  7.0
Dodging        | 6 8 |  8.6
Long Blades    | |  3.0
Throwing       | |  1.5

Action                   |  1- 3 |  4- 6 |  7- 9 || total
-------------------------+-------+-------+-------++-------
Melee: Long sword        |    73 |   151 |   185 ||   409
       Bite              |     9 |    14 |    23 ||    46
Evoke: Wand              |       |     2 |       ||     2
  Use: Potion            |     2 |    16 |     8 ||    26
       Scroll            |       |     2 |     7 ||     9
Armor: Leather armour    |    12 |       |       ||    12
       Chain mail        |    31 |   118 |    53 ||   202
       Ring mail         |       |       |    53 ||    53
Dodge: Dodged            |    51 |    78 |   160 ||   289
       Rpst.: Long sword |    16 |    29 |    50 ||    95
